 Dungeon Crawl Stone Soup version 0.22.1-1-ga44c0e5 (webtiles) character file.

950 lysyklops the Chopper (level 7, -2/61 HPs)
             Began as a Minotaur Fighter on Sept 22, 2018.
             Was a Follower of the Shining One.
             Killed from afar by an electric eel (15 damage)
             ... with a bolt of electricity
             ... on level 6 of the Dungeon.
             The game lasted 00:06:45 (4314 turns).

lysyklops the Chopper (Minotaur Fighter)            Turns: 4314, Time: 00:06:47

Health: -2/61      AC:  8    Str: 22    XL:     7   Next: 90%
Magic:  6/6        EV:  9    Int:  5    God:    the Shining One [*.....]
Gold:   245        SH: 10    Dex: 10    Spells: 6/6 levels left

rFire    . . .     SeeInvis .   z - +0 hand axe (flame)
rCold    . . .     Gourm    .   c - +0 shield
rNeg     . . .     Faith    .   b - +0 scale mail
rPois    .         Spirit   .   (helmet restricted)
rElec    .         Reflect  .   i - +0 cloak
rCorr    .         Harm     .   (no gloves)
MR       .....                  (no boots)
Stlth    ..........             (no amulet)
HPRegen  0.20/turn              (no ring)
MPRegen  0.10/turn              (no ring)

@: glowing
A: retaliatory headbutt, horns 2
a: Renounce Religion


You were on level 6 of the Dungeon.
You worshipped the Shining One.
The Shining One was aware of your devotion.
You were not hungry.

You visited 1 branch of the dungeon, and saw 6 of its levels.

You collected 245 gold pieces.

Inventory:

Hand Weapons
 a - a +0 war axe
 z - a +0 hand axe of flaming (weapon)
Armour
 b - a +0 scale mail (worn)
 c - a +0 shield (worn)
 i - a +0 cloak (worn)
Jewellery
 q - a +4 ring of intelligence {unknown}
 t - an uncursed ring of resist corrosion {unknown}
 x - an uncursed amulet of regeneration {unknown}
 B - a +3 ring of dexterity {unknown}
Wands
 D - a wand of iceblast (4)
Scrolls
 e - a scroll of magic mapping {unknown}
 j - 9 scrolls of identify {unknown}
 l - 4 scrolls of teleportation {unknown}
 n - 3 scrolls of blinking {unknown}
 o - 2 scrolls of amnesia {unknown}
 p - 3 scrolls of random uselessness {unknown}
 s - a scroll of enchant weapon {unknown}
 v - 4 scrolls of remove curse {unknown}
 y - a scroll of fog {unknown}
 A - a scroll of fear {unknown}
 C - a scroll of noise {unknown}
 F - a scroll of enchant armour {unknown}
Potions
 d - a potion of might
 g - 2 potions of lignification {unknown}
 h - a potion of mutation {unknown}
 k - 3 potions of haste {unknown}
 m - 2 potions of curing {unknown}
 r - a potion of flight {unknown}
 u - a potion of cancellation {unknown}
 w - 2 potions of magic {unknown}
 E - a potion of agility {unknown}
Comestibles
 f - 4 rations


   Skills:
 + Level 5.5 Fighting
 + Level 6.5 Axes
 + Level 6.3 Armour
 - Level 3.1 Dodging
 - Level 0.1 Stealth
 + Level 5.6 Shields
 + Level 1.1 Invocations


You had 6 spell levels left.
You didn't know any spells.
Your spell library contained the following spells:

 Spells                   Type           Power        Failure   Level  Hunger
 Animate Skeleton         Necr           N/A          99%         1    ##.....
 Apportation              Tloc           #.....       99%         1    ##.....
 Confusing Touch          Hex            #.....       99%         1    ##.....
 Summon Small Mammal      Summ           #...         99%         1    ##.....


Dungeon Overview and Level Annotations

Branches:
Dungeon (6/15)
 Temple: D:4-7

Altars:
Ashenzari
Hepliaklqana
Nemelex Xobeh
Ru
The Shining One


Innate Abilities, Weirdness & Mutations

You reflexively headbutt those who attack you in melee.
You have a pair of horns on your head.


Message History

The bolt of electricity hits you!
You barely miss the electric eel.
The electric eel shoots out a bolt of lightning at you!
The bolt of electricity hits you! x2
The bolt of electricity hits the electric eel.
The electric eel completely resists.
You are too injured to fight recklessly!
You are too injured to fight recklessly!
Your shield and scale mail prevent you from hitting the electric eel.
You slash the electric eel! You burn the electric eel.
The electric eel is heavily wounded.
You hit the electric eel. You burn the electric eel.
The electric eel is severely wounded.
You barely miss the electric eel.
The electric eel is severely wounded.
The electric eel shoots out a bolt of lightning at you!
The bolt of electricity hits you!
* * * LOW HITPOINT WARNING * * *
The bolt of electricity hits you!
You die...

...# ....... #..>##
....... #...###.....≈≈
#(......≈≈≈≈# ..
#...≈≈≈≈#≈≈≈ ..#
#..%≈#≈≈≈≈#≈
...######...≈;≈#≈≈≈≈
...........@≈≈≈≈#
.........##.≈#≈≈≈≈# .
.##..^.....≈≈≈#≈≈≈
...... ##........≈≈≈≈#≈
..... #........≈#≈≈≈≈
....# ##........≈≈≈...
#... ####...............
#..###.................#
#....................


You could see an electric eel.

Vanquished Creatures
  2 ogres (D:5)
  A centaur (D:5)
  A bullfrog (D:5)
  3 hounds
  4 orc priests
  A gnoll shaman (D:5)
  Crazy Yiuf (D:4)
  2 orc wizards (D:4)
  Natasha (thrice) (D:2)
  4 worker ants (D:4)
  5 gnolls (D:5)
  3 adders
  2 oozes (D:2)
  A worm (D:2)
  4 dart slugs
  7 orcs
  2 giant cockroaches
  6 goblins
  7 hobgoblins
  3 jackals (D:2)
  A quokka (D:4)
  2 ball pythons
  5 bats
  9 frilled lizards
  A giant cockroach zombie (D:5)
  6 kobolds
  6 rats
92 creatures vanquished.

Notes
Turn   | Place    | Note
-------+----------+-------------------------------------------
     0 | D:1      | lysyklops the Minotaur Fighter began the quest for the Orb.
     0 | D:1      | Reached XP level 1. HP: 19/19 MP: 0/0
   371 | D:1      | Reached XP level 2. HP: 27/27 MP: 1/1
   669 | D:2      | Found a glowing golden altar of the Shining One.
   672 | D:2      | Found a hazy altar of Hepliaklqana.
   672 | D:2      | Found a sacrificial altar of Ru.
   678 | D:2      | Found a shattered altar of Ashenzari.
   678 | D:2      | Found a sparkling altar of Nemelex Xobeh.
   681 | D:2      | Became a worshipper of the Shining One
   833 | D:2      | Reached XP level 3. HP: 31/33 MP: 2/2
  1067 | D:2      | Noticed Natasha
  1076 | D:2      | Killed Natasha
  1076 | D:2      | Reached XP level 4. HP: 27/40 MP: 3/3
  1087 | D:2      | Noticed Natasha
  1092 | D:2      | Killed Natasha
  1140 | D:2      | Noticed Natasha
  1156 | D:2      | Killed Natasha
  1421 | D:2      | Reached XP level 5. HP: 46/46 MP: 4/4
  1717 | D:3      | Reached * piety under the Shining One
  1841 | D:3      | Reached skill level 1 in Dodging
  2449 | D:4      | Reached skill level 5 in Armour
  2568 | D:4      | Reached XP level 6. HP: 14/53 MP: 5/5
  3085 | D:4      | Reached skill level 5 in Axes
  3295 | D:4      | Found a runed door.
  3299 | D:4      | Noticed Crazy Yiuf
  3302 | D:4      | Killed Crazy Yiuf
  3378 | D:5      | Entered Level 5 of the Dungeon
  3409 | D:5      | Reached XP level 7. HP: 59/60 MP: 6/6
  3417 | D:5      | Reached skill level 5 in Shields
  3521 | D:5      | Reached skill level 5 in Fighting
  4042 | D:5      | Reached skill level 1 in Invocations
  4314 | D:6      | Killed from afar by an electric eel

Skill      XL: |  1  2  3  4  5  6  7 |
---------------+----------------------+-----
Shields        | 4 5 |  5.6
Armour         | 4 5 6 |  6.3
Fighting       | 4 5 |  5.5
Axes           | 3 4 5 6 |  6.5
Dodging        | 2 3 |  3.1
Invocations    | 1 |  1.1
Stealth        | |  0.1

Action                   |  1- 3 |  4- 6 |  7- 9 || total
-------------------------+-------+-------+-------++-------
Melee: War axe           |    74 |    69 |       ||   143
       Headbutt          |     6 |    18 |    12 ||    36
       Hand axe          |       |    34 |    43 ||    77
  Eat: Chunk             |       |     7 |     4 ||    11
Armor: Scale mail        |    37 |    33 |     9 ||    79
Dodge: Dodged            |    24 |    37 |    18 ||    79
Block: Shield            |    44 |    51 |    26 ||   121
